 Dungeon Crawl Stone Soup version 0.22-b1-26-g9dbaab1 (webtiles) character file.

148960 Lilu the Warrior (level 17, 0/168 HPs)
             Began as a Hill Orc Fighter on Aug 8, 2018.
             Was a High Priest of Okawaru.
             Splashed by a ghostly deep elf sorcerer's acid (6 damage)
             ... on level 3 of the Elven Halls.
             The game lasted 01:53:07 (27178 turns).

Lilu the Warrior (Hill Orc Fighter)                Turns: 27178, Time: 01:53:08

Health: 0/168      AC: 28    Str: 40    XL:     17   Next: 50%
Magic:  42/42      EV: 15    Int: 10    God:    Okawaru [*****.]
Gold:   2569       SH: 16    Dex: 17    Spells: 11/20 levels left

rFire    + + +     SeeInvis +   O - +5 broad axe "Wonnolou" {chop, rPois MP+9}
rCold    . . .     Gourm    .   y - +2 shield {rN+}
rNeg     + + +     Faith    +   V - +2 scale mail of Duty {rElec MP+9 Str+9}
rPois    +         Spirit   .   q - +0 helmet
rElec    +         Reflect  .   n - +5 cloak of Gote {rPois rN++ rCorr Dex+2}
rCorr    +         Harm     .   R - +2 pair of gloves
MR       ++...     NoCast   +   W - +2 pair of boots "Johul" {-Cast +Blink +Fly rF++}
Stlth    +.........             r - amulet of faith
HPRegen  0.38/turn              w - ring "Fehilawy" {rF+ MR+}
MPRegen  0.28/turn              p - ring "Keclajo" {+Blink rF+ Int+2 SInv}

@: mighty, agile
A: deterioration 1
a: Heroism, Finesse, Renounce Religion, Evoke Blink, Evoke Flight


You were on level 3 of the Elven Halls.
You worshipped Okawaru.
Okawaru was extremely pleased with you.
You were not hungry.

You visited 4 branches of the dungeon, and saw 20 of its levels.
You also visited: Ossuary, Ice Cave, Volcano and Wizlab.

You collected 2569 gold pieces.

Inventory:

Hand Weapons
 a - a +2 trident of flaming
 O - the +5 broad axe "Wonnolou" (weapon) {chop, rPois MP+9}
   (Okawaru gifted it to you on level 9 of the Dungeon)

   It inflicts extra damage upon your enemies.
   It protects you from poison.
   It affects your magic capacity (+9).
Missiles
 i - 2 tomahawks of dispersal
 G - 6 tomahawks of returning
 N - 3 javelins of penetration (quivered)
Armour
 n - the +5 cloak of Gote (worn) {rPois rN++ rCorr Dex+2}
   (Okawaru gifted it to you on level 6 of the Lair of Beasts)

   It affects your dexterity (+2).
   It protects you from poison.
   It greatly protects you from negative energy.
   It provides partial protection from all sources of acid and corrosion.
 q - a +0 helmet (worn)
 y - a +2 shield of positive energy (worn)
 A - a +0 pair of gloves of strength
 R - a +2 pair of gloves (worn)
 V - the +2 scale mail of Duty (worn) {rElec MP+9 Str+9}
   (You found it on level 2 of the Elven Halls)

   It affects your strength (+9).
   It insulates you from electricity.
   It affects your magic capacity (+9).
 W - the +2 pair of boots "Johul" (worn) {-Cast +Blink +Fly rF++}
   (Okawaru gifted it to you in an ice cave)

   It greatly protects you from fire.
   It lets you fly.
   It lets you blink.
   It prevents spellcasting.
Jewellery
 p - the ring "Keclajo" (right hand) {+Blink rF+ Int+2 SInv}
   (You found it on level 6 of the Lair of Beasts)

   [ring of see invisible]

   It affects your intelligence (+2).
   It protects you from fire.
   It lets you see invisible.
   It lets you blink.
 r - an amulet of faith (around neck)
 w - the ring "Fehilawy" (left hand) {rF+ MR+}
   (You found it on level 6 of the Lair of Beasts)

   [ring of protection from fire]

   It protects you from fire.
   It affects your resistance to hostile enchantments.
 B - a +4 ring of protection
 I - the amulet of Muckaqae {Gourm *Slow rElec rN+ Dex+5, unknown}
   (You found it in a wizard's laboratory)

   [amulet of the gourmand]

   It allows you to eat raw meat even when not hungry.
   It affects your dexterity (+5).
   It insulates you from electricity.
   It protects you from negative energy.
   It may slow you when you take damage.
 J - a +5 ring of evasion
 Z - an uncursed ring of ice
Wands
 h - a wand of acid (6)
 o - a wand of polymorph (59)
 x - a wand of digging (8)
 H - a wand of enslavement (7)
 P - a wand of flame (18)
 Y - a wand of iceblast (37)
Scrolls
 b - a scroll of fear {unknown}
 c - 2 scrolls of identify
 e - a scroll of immolation
 j - 2 scrolls of magic mapping
 l - 2 scrolls of silence
 m - 11 scrolls of teleportation
 t - 7 scrolls of fog
 v - 6 scrolls of remove curse
 S - 2 scrolls of amnesia
 U - 3 scrolls of summoning {unknown}
 X - 2 scrolls of vulnerability
Potions
 d - a potion of might
 g - 3 potions of agility
 s - 2 potions of flight {unknown}
 u - 8 potions of curing
 z - 4 potions of ambrosia
 C - 2 potions of magic
 D - 2 potions of lignification
 E - 6 potions of berserk rage
 F - a potion of mutation
 L - 2 potions of cancellation
 M - a potion of resistance {unknown}
 Q - 5 potions of brilliance
Comestibles
 f - 25 rations


   Skills:
 + Level 19.1 Fighting
 - Level 17.4(18.2) Axes
 - Level 8.1(12.5) Polearms
 - Level 16.0 Armour
 - Level 0.4 Dodging
 - Level 0.3 Stealth
 + Level 10.2 Shields
 - Level 2.0 Spellcasting
 - Level 8.0 Hexes
 - Level 10.0 Invocations
 - Level 4.0 Evocations


You had 11 spell levels left.
You knew the following spells:

 Your Spells              Type           Power        Failure   Level  Hunger
a - Silence               Hex/Air        #.........   99%         5    ######.
b - Cause Fear            Hex            ###.......   30%         4    #####..

Your spell library contained the following spells:

 Spells                   Type           Power        Failure   Level  Hunger
 Apportation              Tloc           #.....       63%         1    ##.....
 Bolt of Magma            Conj/Fire/Erth #.........   100%        5    ######.
 Throw Frost              Conj/Ice       #.....       77%         2    ###....
 Venom Bolt               Conj/Pois      #.........   100%        5    ######.
 Summon Small Mammal      Summ           #...         63%         1    ##.....
 Animate Skeleton         Necr           N/A          63%         1    ##.....
 Freeze                   Ice            #...         63%         1    ##.....
 Ozocubu's Refrigeration  Ice            #.........   100%        6    #######
 Summon Ice Beast         Ice/Summ       #.......     100%        4    #####..
 Ozocubu's Armour         Chrm/Ice       #.......     94%         3    ####...
 Tukima's Dance           Hex            ###.....     10%         3    ####...
 Iron Shot                Conj/Erth      #.........   100%        6    #######
 Spider Form              Tmut/Pois      #.........   94%         3    ####...
 Blade Hands              Tmut           #.........   100%        5    ######.
 Ice Form                 Ice/Tmut       #.......     100%        4    #####..
 Deflect Missiles         Chrm/Air       #.........   100%        6    #######
 Throw Icicle             Conj/Ice       #.......     100%        4    #####..
 Confusing Touch          Hex            ###...       3%          1    ##.....
 Sticks to Snakes         Tmut           #.......     77%         2    ###....
 Ensorcelled Hibernation  Hex/Ice        #.....       24%         2    ###....
 Metabolic Englaciation   Hex/Ice        #.........   99%         5    ######.
 Dispersal                Tloc           #.........   100%        6    #######
 Simulacrum               Ice/Necr       #.........   100%        6    #######
 Orb of Destruction       Conj           #.........   100%        7    #######
 Summon Hydra             Summ           #.........   100%        7    #######
 Aura of Abjuration       Summ           #.........   100%        5    ######.
 Beastly Appendage        Tmut           #.....       63%         1    ##.....
 Iskenderun's Battlesphe  Conj/Chrm      #.......     100%        5    ######.
 Discord                  Hex            ###.......   100%        8    #######
 Spellforged Servitor     Conj/Summ      #.........   100%        7    #######
 Summon Mana Viper        Hex/Summ       #.......     99%         5    ######.
 Yara's Violent Unravell  Hex/Tmut       #.........   99%         5    ######.


Dungeon Overview and Level Annotations

Branches:
Dungeon (9/15)             Temple (0/1) D:5            Lair (6/6) D:9
  Swamp (0/4) Lair:2        Snake (0/4) Lair:2        Slime (0/5) Lair:5
    Orc (2/2) D:9             Elf (3/3) Orc:2

Altars:
Dithmenos
Okawaru
Xom
Yredelemnul
Zin
Beogh
Jiyva

Shops:
D:5 *   D:9 ?(   Orc:2 *::[(   Elf:2 ::=%(


Innate Abilities, Weirdness & Mutations

Your body sometimes deteriorates upon taking damage.


Message History

The bolt of negative energy misses you.
The ghostly deep elf sorcerer gestures wildly while chanting.
The ghostly deep elf sorcerer seems to speed up.
You block the small abomination's attack.
Your hearing returns.
The ghostly deep elf demonologist mumbles some strange words.
The Tzitzimitl calls on the powers of darkness!
Your body is wracked with pain!
* * * LOW HITPOINT WARNING * * *
The ghostly deep elf sorcerer closely misses you.
You block the small abomination's attack.
The Tzitzimitl calls on the powers of darkness!
Your body is wracked with pain!
* * * LOW HITPOINT WARNING * * *
You feel like a meek peon again.
The ghostly deep elf sorcerer casts a spell at you.
The bolt of acid hits you! You resist.
* * * LOW HITPOINT WARNING * * *
You are splashed with acid!
The acid burns!
You resist.
You die...

.#.....#...#.⌠.# #...#
.#.....##.##...#.#. #...#
.#.....######.##.' ... #(..####
.#.........#####.. ....+.e....#
.#................ ....#..(2###
.#...#...........# ....#.4))1e.
.#...'.......#...# ...%#..)e#§.
.#...........#...# ....#..1.#4e
#...........#..@# ... #....#43
##.....#######..e#########...###§
.....)...........x..4..1..4..# 4
.......................e.....# #
.............................#
##############################


You could see a ghostly deep elf sorcerer and a small abomination.

Vanquished Creatures
  Saint Roka (Orc:2)
  A Hellbinder (WizLab)
  A deep elf blademaster (Elf:2)
  A deep elf master archer (Elf:3)
  A blood saint (WizLab)
  3 deep elf sorcerers
  3 deep elf elementalists (Elf:3)
  A deep elf demonologist (Elf:3)
  5 deep elf annihilators
  A lorocyproca (WizLab)
  A green death (WizLab)
  2 blizzard demons (WizLab)
  2 fire dragons (Lair:6)
  3 deep elf death magi
  Harold (Lair:2)
  2 deep elf high priests (Elf:3)
  Erolcha (D:9)
  9 hydras
  Fannar (Lair:3)
  2 anacondas (Lair:4)
  23 dancing weapons
  6 death yaks (Lair:6)
  A two-headed ogre (Orc:1)
  An orc high priest (Orc:2)
  A soul eater (WizLab)
  15 deep elf knights
  A sun demon (WizLab)
  2 small abominations (Elf:3)
  Nergalle (Lair:2)
  3 sixfirhies (WizLab)
  5 wizards (Volcano)
  8 deep elf archers
  A swamp dragon (Lair:6)
  A glowing orange brain (shapeshifter) (Elf:1)
  Pikel (D:8)
  6 lindwurms (Lair:6)
  3 orc knights (Orc:2)
  46 deep elf magi
  A necromancer (IceCv)
  3 orc sorcerers (Orc:2)
  A manticore (Lair:4)
  5 toenail golems (Volcano)
  An ice statue (IceCv)
  A guardian serpent (shapeshifter) (Elf:3)
  5 black mambas
  3 rust devils (WizLab)
  2 smoke demons (WizLab)
  7 spiny frogs
  An orange demon (WizLab)
  5 rime drakes
  5 torpor snails (Lair:6)
  3 hellions (WizLab)
  10 freezing wraiths (IceCv)
  8 komodo dragons
  A hellwing (WizLab)
  3 ice devils (WizLab)
  A komodo dragon (shapeshifter) (Elf:3)
  A tormentor (WizLab)
  A polar bear (Lair:4)
  3 trolls
  4 tyrant leeches
  A wolf spider simulacrum (IceCv)
  7 hornets (Lair:6)
  9 blink frogs
  Sigmund (D:3)
  14 hippogriffs
  11 wyverns
  2 ynoxinuls (WizLab)
  3 water elementals
  18 yaks
  2 hungry ghosts
  2 steam dragons (Lair:6)
  9 basilisks
  2 neqoxecs (WizLab)
  2 chaos spawn (WizLab)
  2 wargs (Orc:2)
  An acid dragon (Lair:6)
  24 water moccasins
  A hell hound (Lair:4)
  9 porcupines
  2 sky beasts
  15 ice beasts
  23 orc warriors
  8 ogres
  3 centaurs
  15 crocodiles
  2 big kobolds
  12 bullfrogs
  An elf zombie (Ossuary)
  A gnoll sergeant (Orc:1)
  4 earth elementals
  6 scorpions
  7 killer bees (D:8)
  An elephant simulacrum (IceCv)
  6 electric eels
  4 howler monkeys
  4 crimson imps
  5 draconian simulacra (IceCv)
  2 centaur zombies (Ossuary)
  14 orc priests
  27 orc wizards
  A human zombie (Ossuary)
  4 hounds
  A jelly (D:6)
  2 bullfrog skeletons
  Jessica (D:2)
  2 centaur skeletons
  5 iguanas
  Ijyb (D:3)
  2 polar bear simulacra (IceCv)
  2 spriggan simulacra (IceCv)
  6 troll simulacra (IceCv)
  A big kobold zombie (Ossuary)
  A centaur simulacrum (IceCv)
  A hound skeleton (D:4)
  2 mummies (Ossuary)
  2 worker ant zombies
  Robin (D:4)
  7 gnolls
  8 adders
  3 naga simulacra (IceCv)
  3 ogre simulacra (IceCv)
  10 river rats (D:5)
  2 shadow imps
  12 white imps (IceCv)
  An ooze (D:1)
  2 adder skeletons
  4 worms
  4 dart slugs
  7 leopard geckos
  46 orcs
  7 giant cockroaches
  15 goblins
  7 hobgoblins
  6 jackals
  14 quokkas
  A ball python (D:4)
  5 bats
  6 frilled lizards
  A goblin zombie (Ossuary)
  14 hobgoblin zombies (Ossuary)
  A jackal skeleton (D:7)
  10 kobolds
  9 kobold zombies (Ossuary)
  A leopard gecko skeleton (D:5)
  7 orc zombies (Ossuary)
  A quokka skeleton (D:5)
  24 rats
  A bush (Lair:5)
  2 crawling corpses (Elf:3)
  6 fungi
  6 plants
812 creatures vanquished.

Vanquished Creatures (others)
  A hellwing (WizLab)
  A crimson imp (D:8)
  2 hounds (D:8)
  4 fungi
  13 plants (Lair:6)
21 creatures vanquished.

Grand Total: 833 creatures vanquished

Notes
Turn   | Place    | Note
-------+----------+-------------------------------------------
     0 | D:1      | Lilu the Hill Orc Fighter began the quest for the Orb.
     0 | D:1      | Reached XP level 1. HP: 19/19 MP: 1/1
   299 | D:1      | Reached skill level 4 in Fighting
   306 | D:1      | Reached XP level 2. HP: 27/27 MP: 2/2
   768 | D:2      | Reached skill level 5 in Fighting
   768 | D:2      | Reached XP level 3. HP: 32/36 MP: 3/3
  1170 | D:2      | Noticed Jessica
  1179 | D:2      | Killed Jessica
  1179 | D:2      | Reached XP level 4. HP: 29/44 MP: 4/4
  1282 | D:2      | Reached skill level 6 in Fighting
  1701 | D:3      | Noticed Ijyb
  1712 | D:3      | Killed Ijyb
  1712 | D:3      | Reached XP level 5. HP: 48/51 MP: 5/5
  2136 | D:3      | Reached skill level 7 in Fighting
  2476 | D:3      | Noticed Sigmund
  2530 | D:3      | Killed Sigmund
  2530 | D:3      | Reached skill level 8 in Fighting
  2530 | D:3      | Reached XP level 6. HP: 38/62 MP: 6/6
  2736 | D:4      | Found a basalt altar of Yredelemnul.
  2832 | D:4      | Reached skill level 9 in Fighting
  2840 | D:4      | Reached XP level 7. HP: 57/70 MP: 7/7
  2889 | D:4      | Noticed Robin
  2895 | D:4      | Killed Robin
  2965 | D:4      | Found an iron altar of Okawaru.
  2990 | D:4      | Became a worshipper of Warmaster Okawaru
  3145 | D:4      | Reached skill level 10 in Fighting
  3188 | D:4      | Found a sand-covered staircase.
  3197 | Ossuary  | Entered an ossuary
  3380 | Ossuary  | Reached XP level 8. HP: 74/81 MP: 8/8
  3601 | D:5      | Entered Level 5 of the Dungeon
  3656 | D:5      | Found Zin's Purification Station.
  3659 | D:5      | Found a glowing silver altar of Zin.
  3683 | D:5      | Reached * piety under Okawaru
  3683 | D:5      | Reached skill level 11 in Fighting
  3878 | D:5      | Found a shadowy altar of Dithmenos.
  3893 | D:5      | Reached skill level 1 in Polearms
  4452 | D:5      | Found a shimmering altar of Xom.
  4513 | D:5      | Found a staircase to the Ecumenical Temple.
  4530 | D:5      | Reached ** piety under Okawaru
  4845 | D:6      | Reached skill level 5 in Polearms
  5112 | D:6      | Reached XP level 9. HP: 63/89 MP: 9/9
  5915 | D:7      | Reached *** piety under Okawaru
  6369 | D:7      | Reached skill level 5 in Axes
  6816 | D:8      | Reached **** piety under Okawaru
  7047 | D:8      | Reached XP level 10. HP: 92/96 MP: 10/10
  7065 | D:8      | Reached skill level 10 in Axes
  7112 | D:8      | Noticed Pikel
  7149 | D:8      | Killed Pikel
  7919 | D:9      | Learned a level 5 spell: Silence
  7924 | D:9      | Learned a level 4 spell: Cause Fear
  7954 | D:9      | Reached ***** piety under Okawaru
  7954 | D:9      | Reached skill level 1 in Hexes
  7957 | D:9      | Found Goqu's Magic Scroll Boutique.
  8319 | D:9      | Found a staircase to the Orcish Mines.
  8343 | D:9      | Found Xoriaw's Weapon Emporium.
  8853 | D:9      | Reached skill level 1 in Spellcasting
  9032 | D:9      | Found a staircase to the Lair.
  9156 | D:9      | Noticed Erolcha
  9162 | D:9      | Killed Erolcha
  9162 | D:9      | Received a gift from Okawaru
  9162 | D:9      | Reached XP level 11. HP: 102/102 MP: 9/14
  9163 | D:9      | Got a faintly glowing broad axe {god gift}
  9166 | D:9      | Identified the +5 broad axe "Wonnolou" {chop, rPois MP+9} (Okawaru gifted it to you on level 9 of the Dungeon)
  9357 | Lair:1   | Entered Level 1 of the Lair of Beasts
  9360 | Lair:1   | Reached skill level 1 in Invocations
  9448 | Lair:1   | You fall through a shaft!
  9465 | Lair:2   | Noticed a four-headed hydra
  9486 | Lair:2   | Killed a four-headed hydra
  9508 | Lair:2   | Reached skill level 5 in Invocations
  9535 | Lair:2   | Noticed Nergalle
  9545 | Lair:2   | Reached ****** piety under Okawaru
  9550 | Lair:2   | Killed Nergalle
  9550 | Lair:2   | Received a gift from Okawaru
 10081 | Lair:1   | Noticed an eight-headed hydra
 10095 | Lair:1   | Killed an eight-headed hydra
 10110 | Lair:1   | Found a dark tunnel.
 10171 | Volcano  | Entered a volcano
 10354 | Volcano  | Noticed a wizard
 10361 | Volcano  | Killed a wizard
 10361 | Volcano  | Reached skill level 15 in Axes
 10388 | Volcano  | Noticed a wizard
 10394 | Volcano  | Killed a wizard
 10394 | Volcano  | Received a gift from Okawaru
 10394 | Volcano  | Reached XP level 12. HP: 98/110 MP: 18/18
 10671 | Volcano  | Received a gift from Okawaru
 11044 | Lair:1   | Noticed a five-headed hydra
 11067 | Lair:1   | Killed a five-headed hydra
 11876 | Lair:2   | Noticed a four-headed hydra
 11899 | Lair:2   | Killed a four-headed hydra
 11935 | Lair:2   | Noticed a six-headed hydra
 11948 | Lair:2   | Killed a six-headed hydra
 11948 | Lair:2   | Reached skill level 5 in Armour
 12271 | Lair:2   | Found a staircase to the Swamp.
 12303 | Lair:2   | Noticed Harold
 12313 | Lair:2   | Killed Harold
 12683 | Lair:2   | Found a staircase to the Snake Pit.
 13067 | Lair:3   | Noticed Fannar
 13082 | Lair:3   | Killed Fannar
 13082 | Lair:3   | Received a gift from Okawaru
 13180 | Lair:3   | Reached skill level 12 in Fighting
 13631 | Lair:4   | Found a frozen archway.
 13633 | Lair:4   | Reached XP level 13. HP: 118/118 MP: 19/19
 13696 | IceCv    | Entered an ice cave
 13729 | IceCv    | Received a gift from Okawaru
 13732 | IceCv    | Got a pair of ichor-stained boots {god gift}
 13743 | IceCv    | Identified the +2 pair of boots "Johul" {-Cast +Blink +Fly rF++} (Okawaru gifted it to you in an ice cave)
 14151 | IceCv    | Found an ancient bone altar of Kikubaaqudgha.
 14596 | IceCv    | Identified the Handbook of Ice
 14792 | Lair:4   | Reached skill level 13 in Fighting
 14799 | Lair:4   | Reached skill level 10 in Armour
 14802 | Lair:4   | Got a jewelled scale mail
 14925 | Lair:4   | Identified the +3 scale mail of Hedonism {Str+3} (You found it on level 4 of the Lair of Beasts)
 15398 | Lair:4   | Received a gift from Okawaru
 15435 | Lair:4   | HP: 3/123 [rime drake/flash freeze (24)]
 16357 | Lair:5   | Reached XP level 14. HP: 130/130 MP: 20/20
 16799 | Lair:5   | Reached skill level 14 in Fighting
 16888 | Lair:5   | Found a staircase to the Slime Pits.
 16888 | Lair:5   | Found a viscous altar of Jiyva.
 17479 | Lair:6   | Entered Level 6 of the Lair of Beasts
 17705 | Lair:6   | Received a gift from Okawaru
 17775 | Lair:6   | Got a shimmering cloak {god gift}
 17781 | Lair:6   | Identified the +5 cloak of Gote {rPois rN++ rCorr Dex+2} (Okawaru gifted it to you on level 6 of the Lair of Beasts)
 18350 | Lair:6   | Got a steaming marble ring
 18360 | Lair:6   | Identified the ring "Keclajo" {+Blink rF+ Int+2 SInv} (You found it on level 6 of the Lair of Beasts)
 18926 | Lair:6   | Found a runed door.
 18938 | Lair:6   | Reached skill level 15 in Fighting
 19005 | Lair:6   | Received a gift from Okawaru
 19107 | Lair:6   | Got a pair of encrusted boots {god gift}
 19127 | Lair:6   | Identified the +2 pair of boots of the First Wonders {*Corrode Str+3 Dex+2 Slay+3} (Okawaru gifted it to you on level 6 of the Lair of Beasts)
 19458 | Lair:6   | Got a wavering glass ring
 19466 | Lair:6   | Identified the Volume of Hexes and Dislocation
 19472 | Lair:6   | Identified the ring "Fehilawy" {rF+ MR+} (You found it on level 6 of the Lair of Beasts)
 19811 | Orc:1    | Entered Level 1 of the Orcish Mines
 19931 | Orc:1    | Reached XP level 15. HP: 137/141 MP: 21/21
 19998 | Orc:1    | Found a roughly hewn altar of Beogh.
 20028 | Orc:1    | Reached skill level 1 in Evocations
 20209 | Orc:2    | Entered Level 2 of the Orcish Mines
 20226 | Orc:2    | Found Korri's Book Shop.
 20260 | Orc:2    | Found a staircase to the Elven Halls.
 20302 | Orc:2    | Reached skill level 15 in Armour
 20372 | Orc:2    | Noticed Saint Roka
 20416 | Orc:2    | Killed Saint Roka
 20416 | Orc:2    | Received a gift from Okawaru
 20689 | Orc:2    | Found a roughly hewn altar of Beogh.
 20694 | Orc:2    | Found Amehuut's Antique Armour Boutique.
 20718 | Orc:2    | Found Kaem's Antique Weapon Boutique.
 21158 | Orc:2    | Found Aptewao's Book Boutique.
 21173 | Orc:2    | Found Cizoji Varee's General Store.
 21394 | Elf:1    | Entered Level 1 of the Elven Halls
 21746 | Elf:1    | Reached skill level 16 in Fighting
 22093 | Elf:1    | Noticed a deep elf sorcerer
 22107 | Elf:1    | Killed a deep elf sorcerer
 22298 | Elf:1    | Received a gift from Okawaru
 22299 | Elf:1    | Got an encrusted battleaxe {god gift}
 22306 | Elf:1    | Identified the +1 battleaxe of Nev Ivui {pain, Str+3 Dex+3 SInv Stlth+} (Okawaru gifted it to you on level 1 of the Elven Halls)
 22844 | Elf:2    | Found Vituutih's Jewellery Emporium.
 22856 | Elf:2    | Found Washiat's Book Emporium.
 22912 | Elf:2    | Reached skill level 17 in Fighting
 22982 | Elf:2    | Found Iminosu's Weapon Emporium.
 23272 | Elf:2    | Got an ancient scale mail
 23283 | Elf:2    | Identified the +2 scale mail of Duty {rElec MP+9 Str+9} (You found it on level 2 of the Elven Halls)
 23319 | Elf:2    | Reached XP level 16. HP: 32/156 MP: 22/22
 23695 | Elf:2    | Found Ibuquaru's Food Boutique.
 23762 | Elf:2    | Found Dotuseme's Book Emporium.
 23833 | Elf:2    | Found a runed gate.
 23900 | Elf:2    | Reached skill level 18 in Fighting
 23922 | Elf:2    | Found a runed gate.
 23956 | Elf:2    | Found a runed gate.
 24067 | Elf:2    | Received a gift from Okawaru
 24071 | Elf:2    | Reached skill level 5 in Hexes
 24494 | Elf:2    | Noticed a deep elf blademaster
 24516 | Elf:2    | Killed a deep elf blademaster
 24520 | Elf:2    | Received a gift from Okawaru
 24900 | Elf:2    | Reached skill level 5 in Shields
 25090 | Elf:3    | Entered Level 3 of the Elven Halls
 25512 | Elf:3    | Found a magical portal.
 25517 | WizLab   | Entered The Hall of the Hellbinder
 25528 | WizLab   | Gained mutation: Your body sometimes deteriorates upon taking damage. [a neqoxec]
 25540 | WizLab   | Received a gift from Okawaru
 25587 | WizLab   | Reached skill level 10 in Invocations
 25626 | WizLab   | Reached XP level 17. HP: 50/165 MP: 24/24
 26198 | WizLab   | Found a burning altar of Makhleb.
 26303 | WizLab   | Got a bloodstained cloak
 26314 | WizLab   | Identified the +0 cloak of Creativity {Str+2} (You found it in a wizard's laboratory)
 26698 | WizLab   | Noticed Memigg
 26717 | WizLab   | Killed Memigg the Hellbinder
 26726 | WizLab   | Got a transparent ruby amulet
 26727 | WizLab   | Identified the Reference Book on Summoning
 27094 | Elf:3    | Noticed a Hell Sentinel
 27094 | Elf:3    | Noticed a deep elf master archer
 27106 | Elf:3    | Noticed a Brimstone Fiend
 27107 | Elf:3    | Noticed a Tzitzimitl
 27110 | Elf:3    | Noticed an Ice Fiend
 27116 | Elf:3    | Received a gift from Okawaru
 27116 | Elf:3    | Reached skill level 19 in Fighting
 27117 | Elf:3    | Reached skill level 10 in Shields
 27118 | Elf:3    | Noticed a Brimstone Fiend
 27127 | Elf:3    | Noticed an Ice Fiend
 27132 | Elf:3    | Noticed a Tzitzimitl
 27138 | Elf:3    | Killed a deep elf master archer
 27142 | Elf:3    | Noticed a deep elf master archer
 27168 | Elf:3    | Noticed a Tzitzimitl
 27178 | Elf:3    | HP: 6/168 [ghostly deep elf sorcerer/bolt of acid (6)]
 27178 | Elf:3    | Splashed by a ghostly deep elf sorcerer's acid

Skill      XL: |  1  2  3  4  5  6  7  8  9 10 11 12 13 14 15 16 17 |
---------------+----------------------------------------------------+-----
Fighting       | 4 5 6 8 9 10 11 12 13 15 17 18 19 | 19.1
Polearms       | 6 8 |  8.1
Axes           | 9 13 15 17 | 17.4
Hexes          | 3 8 |  8.0
Spellcasting   | 2 |  2.0
Invocations    | 8 10 | 10.0
Armour         | 7 11 14 16 | 16.0
Evocations     | 4 |  4.0
Shields        | 8 10 | 10.2
Dodging        | |  0.4
Stealth        | |  0.3

Action                   |  1- 3 |  4- 6 |  7- 9 | 10-12 | 13-15 | 16-18 || total
-------------------------+-------+-------+-------+-------+-------+-------++-------
Melee: War axe           |    97 |    69 |       |       |       |       ||   166
       Trident           |       |    94 |   681 |   295 |    44 |       ||  1114
       Unarmed           |       |       |       |     3 |       |       ||     3
       Broad axe         |       |       |       |   181 |   943 |   407 ||  1531
Throw: Tomahawk          |       |       |       |       |     6 |       ||     6
Invok: Heroism           |       |       |     1 |    12 |    19 |    11 ||    43
       Finesse           |       |       |       |     1 |    16 |    12 ||    29
 Abil: Stop Flying       |       |       |       |       |     1 |       ||     1
       Evoke Blink       |       |       |       |       |     1 |       ||     1
       Evoke Flight      |       |       |       |       |     1 |       ||     1
Evoke: Wand              |       |       |       |       |     1 |     1 ||     2
  Use: Potion            |       |     2 |       |     1 |     2 |    10 ||    15
       Scroll            |       |       |     2 |     1 |    20 |     3 ||    26
 Stab: Invisible         |       |       |       |       |     9 |       ||     9
       Distracted        |       |       |       |       |       |     1 ||     1
  Eat: Chunk             |     1 |     5 |    11 |    13 |    16 |     6 ||    52
       Ration            |       |       |     2 |     2 |     5 |     2 ||    11
Armor: Scale mail        |    30 |       |       |       |   390 |   105 ||   525
       Plate armour      |    27 |   120 |   325 |   278 |   124 |       ||   874
       Skin              |       |       |       |     1 |       |       ||     1
Dodge: Dodged            |    24 |    33 |   125 |   113 |   292 |    65 ||   652
Block: Shield            |    53 |    87 |   285 |   222 |   352 |   149 ||  1148
